 Dungeon Crawl Stone Soup version 0.18-a0-1088-g34ef3a2 (webtiles) character file.

7009 gorblad the Protected (level 10, -4/120 HPs)
             Began as a Minotaur Fighter on Jan 16, 2016.
             Slain by a 19-headed hydra (8 damage)
             ... on level 9 of the Dungeon.
             The game lasted 00:20:02 (7539 turns).

gorblad the Protected (Minotaur Fighter)            Turns: 7539, Time: 00:20:02

Health: -4/120     AC: 28    Str: 29    XL:     10   Next: 82%
Magic:  9/9        EV:  2    Int:  8    God:
Gold:   427        SH: 23    Dex: 15    Spells: 0 memorised, 9 levels left

rFire  . . .     SeeInvis .     C - +2 war axe (chop)
rCold  . . .     Gourm    .     (armour currently unavailable)
rNeg   + + +     Faith    .     q - +1 large shield
rPois  +         Spirit   .     (helmet currently unavailable)
rElec  .         Dismiss  .     (cloak currently unavailable)
rCorr  .         Reflect  +     (gloves currently unavailable)
SustAt .         Harm     .     (boots currently unavailable)
MR     .....     NoTele   +     s - +2 amulet of reflection
Stlth  ++........               x - +3 ring of intelligence
                                i - +3 ring of protection

@: mighty, agile, tree-form, very slightly contaminated, hasted, very quick, not
resistant to hostile enchantments, unstealthy
A: (retaliatory headbutt), (horns 0)
a: no special abilities


You were on level 9 of the Dungeon.
You were not hungry.
You were a tree.
You visited 1 branch of the dungeon, and saw 9 of its levels.
You also visited: Ossuary.

You collected 583 gold pieces.
You spent 156 gold pieces at shops.

Inventory:

Hand Weapons
 C - a +2 war axe of chopping (weapon)
Missiles
 t - 4 poisoned tomahawks (quivered)
Armour
 q - a +1 large shield (worn)
 y - a +0 cloak (melded)
 z - a +0 plate armour (melded)
Jewellery
 i - a +3 ring of protection (left branch)
 s - a +2 amulet of reflection (around neck)
 x - a +3 ring of intelligence (right branch)
 F - an uncursed ring of flight
 I - an uncursed ring of flight
Wands
 a - a wand of disintegration (21/24)
 p - a wand of confusion (40/48)
 D - a wand of paralysis (19/24)
Scrolls
 e - 3 scrolls of blinking
 g - 3 scrolls of magic mapping
 n - 11 scrolls of remove curse
 r - 4 scrolls of identify
 v - a scroll of recharging
 A - a scroll of fog
 G - a scroll of enchant armour
 H - a scroll of fear
Potions
 b - 2 potions of ambrosia
 c - 3 potions of brilliance
 d - a potion of might
 h - 4 potions of flight
 k - 5 potions of haste
 l - 3 potions of lignification
 o - 6 potions of curing
 u - a potion of cure mutation {unknown}
 E - a potion of agility
Books
 w - a book of Air

   Spells                             Type                      Level
   a - Shock                          Conjuration/Air              1
   b - Swiftness                      Charms/Air                   2
   c - Repel Missiles                 Charms/Air                   2
   d - Static Discharge               Conjuration/Air              3
   e - Lightning Bolt                 Conjuration/Air              5
Comestibles
 f - 10 bread rations
 m - 2 beef jerkies
 B - 2 meat rations
 J - a chunk of flesh


   Skills:
 - Level 4.4 Fighting
 - Level 3.6 Axes
 + Level 12.2 Armour
 - Level 9.1 Dodging
 + Level 12.1 Shields


You had 9 spell levels left.
You didn't know any spells.

Dungeon Overview and Level Annotations

Branches:
Dungeon (9/15)             Temple (0/1) D:4            Lair (0/8) D:8
    Orc: D:9-12

Altars:
Ashenzari
Cheibriados
Fedhas
Gozag
Kikubaaqudgha
Pakellas
Xom

Shops:
D:6 ?   D:9 *


Innate Abilities, Weirdness & Mutations

((You reflexively headbutt those who attack you in melee.))
((You have a pair of horns on your head.))


Message History

You block the 18-headed hydra's attack.
The 18-headed hydra bites you but does no damage.
You block the 18-headed hydra's attack.
The 18-headed hydra bites you but does no damage.
The 18-headed hydra bites you.
* * * LOW HITPOINT WARNING * * *
The 18-headed hydra bites you but does no damage. x3
The 18-headed hydra bites you!
* * * LOW HITPOINT WARNING * * *
You chop one of the 18-headed hydra's heads off!
The 17-headed hydra grows two more!
You slash the 19-headed hydra!
The 19-headed hydra is heavily wounded.
You block the 19-headed hydra's attack. x2
The 19-headed hydra bites you but does no damage.
You block the 19-headed hydra's attack.
The 19-headed hydra bites you but does no damage. x4
The 19-headed hydra bites you.
* * * LOW HITPOINT WARNING * * *
The 19-headed hydra bites you!
You die...

#.. ... #.. #.. #.. ..
#.. #.. #... #.. #.###..
#.. #.. #......####
#..####.. #.....)D..#
#........ #♣# #........
#.# #........ #.#
#........ # #.#
#........ #.#####.#
#........
#.......########......%.
#.......................
#.................<.....
######...........#####..


You could see a 19-headed hydra.

Vanquished Creatures
  A death yak (D:8)
  Pikel (D:8)
  Psyche (D:8)
  Sigmund (D:6)
  The ghost of HunterMK1337 the Destroyer, an amateur DECj (D:4)
  2 yaks (D:8)
  A spriggan (D:8)
  The ghost of braks the Skirmisher, an amateur DsAr of Nemelex Xobeh (D:3)
  A hippogriff (D:8)
  2 slaves (D:8)
  2 sky beasts
  An ice beast (D:5)
  A black bear (D:7)
  5 ogres
  4 centaurs
  A crocodile (D:8)
  6 giant frogs
  17 scorpions
  4 killer bees (D:8)
  14 wights
  2 centaur zombies (Ossuary)
  6 crimson imps
  A giant frog zombie (D:8)
  4 human zombies (Ossuary)
  2 quasits
  3 hounds
  2 giant frog skeletons
  2 orc priests
  2 jellies
  2 orc wizards (D:8)
  An iguana (D:9)
  6 worker ants
  3 big kobold zombies (Ossuary)
  4 hound skeletons
  3 mummies (Ossuary)
  2 worker ant zombies
  10 adders
  3 gnolls (D:5)
  A river rat (D:8)
  A scorpion zombie (Ossuary)
  3 oozes
  5 adder skeletons
  5 worms
  4 giant geckos
  23 orcs
  6 giant cockroaches
  11 goblins
  4 hobgoblins
  7 jackals
  11 kobolds
  A quokka (D:8)
  2 ball pythons
  4 bats
  4 giant newts
  2 gnoll zombies (Ossuary)
  A goblin zombie (Ossuary)
  2 hobgoblin zombies (Ossuary)
  A kobold zombie (Ossuary)
  An orc zombie (Ossuary)
  3 quokka skeletons
  5 rats
232 creatures vanquished.

Vanquished Creatures (others)
  A slave (D:8)
  A centaur (D:8)
2 creatures vanquished.

Grand Total: 234 creatures vanquished

Notes
Turn   | Place    | Note
--------------------------------------------------------------
     0 | D:1      | gorblad the Minotaur Fighter began the quest for the Orb.
     0 | D:1      | Reached XP level 1. HP: 19/19 MP: 0/0
   153 | D:1      | Reached XP level 2. HP: 21/27 MP: 1/1
   390 | D:1      | Reached skill level 1 in Dodging
   615 | D:2      | Reached skill level 4 in Armour
   615 | D:2      | Reached XP level 3. HP: 30/33 MP: 2/2
   804 | D:2      | Found a shimmering altar of Xom.
  1117 | D:3      | Noticed braks's ghost (amateur DsAr)
  1135 | D:3      | Killed braks's ghost
  1135 | D:3      | Reached XP level 4. HP: 28/41 MP: 3/3
  1135 | D:3      | Reached XP level 5. HP: 32/47 MP: 4/4
  2164 | D:4      | Reached XP level 6. HP: 34/53 MP: 5/5
  2322 | D:4      | Found a blossoming altar of Fedhas.
  2323 | D:4      | Found a snail-covered altar of Cheibriados.
  2328 | D:4      | Found an opulent altar of Gozag.
  2377 | D:4      | Found a staircase to the Ecumenical Temple.
  2543 | D:4      | Noticed HunterMK1337's ghost (amateur DECj)
  2551 | D:4      | Killed HunterMK1337's ghost
  2551 | D:4      | Reached skill level 5 in Dodging
  2551 | D:4      | Reached XP level 7. HP: 39/60 MP: 6/6
  2640 | D:4      | Reached skill level 6 in Dodging
  2762 | D:4      | Found an ancient bone altar of Kikubaaqudgha.
  2781 | D:4      | Found a blossoming altar of Fedhas.
  2886 | D:4      | Reached skill level 7 in Dodging
  3044 | D:5      | Entered Level 5 of the Dungeon
  3217 | D:5      | Reached skill level 8 in Dodging
  3432 | D:5      | Reached XP level 8. HP: 55/67 MP: 7/7
  3594 | D:5      | Reached skill level 9 in Dodging
  3742 | D:6      | Reached skill level 5 in Armour
  3742 | D:6      | Reached skill level 5 in Shields
  3907 | D:6      | Found Fiyruck's Magic Scroll Shoppe.
  3921 | D:6      | Bought a scroll of identify for 26 gold pieces
  3921 | D:6      | Bought a scroll of identify for 26 gold pieces
  3921 | D:6      | Bought a scroll of identify for 26 gold pieces
  3921 | D:6      | Bought a scroll of identify for 26 gold pieces
  3921 | D:6      | Bought a scroll of identify for 26 gold pieces
  3921 | D:6      | Bought a scroll of identify for 26 gold pieces
  3963 | D:6      | Noticed Sigmund
  3998 | D:6      | Killed Sigmund
  4251 | D:6      | Reached XP level 9. HP: 51/72 MP: 8/8
  5249 | D:7      | Found an oddly glowing altar of Pakellas.
  5750 | D:8      | Found a shattered altar of Ashenzari.
  5762 | D:8      | Noticed a death yak
  5763 | D:8      | Found a staircase to the Lair.
  5778 | D:8      | Killed a death yak
  5778 | D:8      | Reached skill level 10 in Armour
  5778 | D:8      | Reached skill level 10 in Shields
  5778 | D:8      | Reached XP level 10. HP: 41/80 MP: 9/9
  6116 | D:8      | Noticed Pikel
  6161 | D:8      | Killed Pikel
  6161 | D:8      | Reached skill level 11 in Armour
  6194 | D:8      | Found a sand-covered staircase.
  6201 | Ossuary  | Entered an ossuary
  6900 | D:8      | Noticed Psyche
  6908 | D:8      | Killed Psyche
  7078 | D:8      | Reached skill level 12 in Armour
  7481 | D:9      | Found Gaeneps's General Store.
  7510 | D:9      | Noticed a six-headed hydra
  7538 | D:9      | HP: 5/120 [18-headed hydra (9)]
  7539 | D:9      | Slain by a 19-headed hydra

Vault maps used:
D:1:      minmay_arrival_solitary_statue
D:2:      xom_butterflies, first_bread, minmay_misc_feat_room
D:3:      serial_park_tiny_pond
D:4:      kennysheep_mini, minitemple, minmay_temple_entry_glassed_door,
          fedhas_altar_3
D:5:      hangedman_abyss_or_decor_stabs, serial_bayou_crossing
D:6:      serial_shops, shop, uniq_sigmund
D:7:      grunt_pakellas_sulfur, kennysheep_diamond
D:8:      ashenzari_conservatory_becter, dpeg_lair_monsters, enter_ossuary_2,
          the_bakery, uniq_psyche, uniq_pikel
D:9:      lightli_temple_of_fire, serial_shops, shop, shop, shop,
          nicolae_shop_statue_plus, special_room, hangedman_decor_diamond_cutter
Ossuary:  ossuary_minmay_scorpions

Action                   |  1- 3 |  4- 6 |  7- 9 | 10-12 || total
-------------------------+-------+-------+-------+-------++-------
Melee: War axe           |    85 |    95 |   351 |   210 ||   741
  Use: Scroll            |     6 |     3 |    11 |    12 ||    32
       Potion            |     1 |     1 |       |    10 ||    12
  Eat: Chunk             |     1 |     4 |    12 |     6 ||    23
